 Dungeon Crawl Stone Soup version 0.28.0-53-g5a82cb258f (webtiles) character file.

Game seed: 7553757083771712280

131 infcreate the Sneak (level 4, 0/24 HPs)
             Began as a Vampire Enchanter on July 28, 2022.
             Slain by a gnoll
             ... wielding a +0 spear
              (3 damage)
             ... on level 3 of the Dungeon.
             The game lasted 00:07:15 (3078 turns).

infcreate the Sneak (Vampire Enchanter)             Turns: 3078, Time: 00:07:16

Health: 0/24       AC:  3    Str:  7    XL:     4   Next: 91%
Magic:  4/8        EV: 13    Int: 17    God:
Gold:   163        SH:  0    Dex: 16    Spells: 0/8 levels left

rFire   . . .      SeeInvis +   a - +1 dagger
rCold   + + .      Faith    .   (no shield)
rNeg    + + +      Spirit   .   b - +0 robe
rPois   ∞          Reflect  .   (no helmet)
rElec   .          Harm     .   (no cloak)
rCorr   .          Rampage  .   (no gloves)
Will    .....                   k - +0 pair of boots
Stlth   +++++.....              (no amulet)
HPRegen 0.00/turn               (no ring)
MPRegen 0.11/turn               (no ring)

@: bloodless, inhibited regen
A: bloodless, fangs 3, see invisible, vampiric 2
a: Bat Form, Revivify


You were on level 3 of the Dungeon.
You visited 1 branch of the dungeon, and saw 3 of its levels.

You collected 163 gold pieces.


Innate Abilities, Weirdness & Mutations

You do not regenerate when monsters are visible.
You are frail without blood (-20% HP).
You can heal yourself when you bite living creatures.
You are immune to poison.
You have razor-sharp teeth.
You have supernaturally acute eyesight. (SInv)
You are afflicted with vampirism and can become a bat while bloodless.


   Skills:
 + Level 2.4 Short Blades
 + Level 3.1 Dodging
 + Level 5.5 Stealth
 + Level 2.7 Spellcasting
 + Level 5.3 Hexes


You couldn't memorise any spells.
You knew the following spells:

 Your Spells              Type           Power      Damage    Failure   Level
c - Confusing Touch       Hex            20%        N/A       6%          3
d - Tukima's Dance        Hex            20%        N/A       6%          3
e - Ensorcelled Hibernat  Hex/Ice        22%        N/A       9%          2

Your spell library contained the following spells:

 Spells                   Type           Power      Damage    Failure   Level
 Dazzling Flash           Conj/Hex       22%        N/A       19%         3

Inventory:

Hand Weapons
 a - a +1 dagger (weapon)
Armour
 b - a +0 robe (worn)
 k - a +0 pair of boots (worn)
Scrolls
 d - a scroll of fear {unknown}
 e - a scroll of teleportation {unknown}
 i - a scroll of enchant weapon
 j - a scroll of magic mapping {unknown}
 n - a scroll of torment {unknown}
 o - a scroll of identify {@r1}
Potions
 c - a potion of invisibility
 f - 2 potions of resistance
 g - a potion of lignification {unknown}
 l - a potion of flight {unknown}
 m - a potion of curing {unknown}
 p - a potion of berserk rage {unknown}

Dungeon Overview and Level Annotations

Branches:
Dungeon (3/15)

Altars:
Vehumet

#.## ##### #..#
#.. ##.# #.# #.#
#.# #w# #.# #.#
#.# #.# #.#
######.#####.#
#@Sgw........#
#l####.##.##.# #g#
#.##.##.# #.#
#g##.##.##### #.#
##.##.##......
#.###......#######
#....g..[#....##
#####....#.....#
##.#####g..#


You could see a worm (ally target), 2 gnolls, a friendly adder (summoned) and a
friendly frilled lizard (summoned).


Message History

The gnoll hits you from afar with a +0 spear.
* * * LOW HITPOINT WARNING * * *
Your adder closely misses the gnoll.
Unknown command.
As you read the scroll of summoning, it crumbles to dust.
Wisps of shadow whirl around you... The gnoll misses your frilled lizard.
The gnoll barely misses you.
Your adder bites the gnoll but does no damage.
Unknown command.
Your adder closely misses the gnoll.
The gnoll closely misses your frilled lizard.
The gnoll closely misses you.
Your adder barely misses the gnoll.
Your frilled lizard bites the gnoll.
The gnoll hits your frilled lizard with a +0 spear!
Your frilled lizard dies!
Your frilled lizard's corpse dissolves into shadows!
The gnoll hits you but does no damage.
Your adder bites the gnoll.
The gnoll is poisoned.
Your adder poisons the gnoll!
The gnoll closely misses you.
Your adder barely misses the gnoll.
Your adder bites the gnoll but does no damage.
The gnoll barely misses you.
The gnoll hits you from afar with a +0 spear.
* * * LOW HITPOINT WARNING * * *
Your adder bites the gnoll.
The gnoll barely misses you. The gnoll closely misses your adder.
Your adder closely misses the gnoll.
The gnoll hits you from afar with a +0 spear.
* * * LOW HITPOINT WARNING * * *
The gnoll misses your adder.
Your adder barely misses the gnoll.
The gnoll hits you from afar with a +0 spear.
You die...

Skill      XL: |  1  2  3  4 |
---------------+-------------+-----
Short Blades   | 2 |  2.4
Stealth        | 5 |  5.5
Hexes          | 5 |  5.3
Dodging        | 3 |  3.1
Spellcasting   | |  2.7

Action                   |  1- 3 |  4- 6 || total
-------------------------+-------+-------++-------
Melee: Dagger            |    69 |    44 ||   113
       Bite              |     3 |     5 ||     8
 Cast: Ensorcelled Hiber |    16 |    18 ||    34
       Confusing Touch   |     1 |     2 ||     3
 Abil: Exsanguinate      |     1 |       ||     1
  Use: Scroll            |     1 |     4 ||     5
 Stab: Sleeping          |    26 |    14 ||    40
       Confused          |       |     1 ||     1
Armor: Robe              |     4 |     3 ||     7
Dodge: Dodged            |    22 |    29 ||    51

Levels and vault maps discovered:
D:1:      erik_arrival_orb_chamber, layout_loops_cross
D:2:      layout_rooms, basic_altar, shapermc_ecumenical_altar_starsandcircs,
          minmay_misc_feat_ornament, minmay_heptomino_o4
D:3:      layout_loops_ring

Notes
Turn   | Place    | Note
-------+----------+-------------------------------------------
     0 | D:1      | infcreate the Vampire Enchanter began the quest for the
                  | Orb.
     0 | D:1      | Reached XP level 1. HP: 13/13 MP: 3/3
   399 | D:1      | Reached XP level 2. HP: 10/15 MP: 5/5
   724 | D:1      | Learned a level 2 spell: Ensorcelled Hibernation
  1124 | D:2      | Found a radiant altar of Vehumet.
  1144 | D:2      | Found a faded altar of an unknown god.
  1317 | D:2      | Gained mutation: You are afflicted with vampirism and can
                  | become a bat while bloodless. [Vampire growth]
  1317 | D:2      | Reached XP level 3. HP: 19/19 MP: 6/6
  1321 | D:2      | Learned a level 3 spell: Confusing Touch
  1563 | D:2      | Reached skill level 2 in Short Blades
  1563 | D:2      | Reached skill level 5 in Stealth
  1563 | D:2      | Reached skill level 5 in Hexes
  1961 | D:2      | Reached XP level 4. HP: 24/24 MP: 7/7
  1965 | D:2      | Learned a level 3 spell: Tukima's Dance
  1994 | D:3      | Identified 2 potions of resistance
  2444 | D:3      | Reached skill level 3 in Dodging
  3078 | D:3      | Slain by a gnoll

Vanquished Creatures
  An iguana (D:3)
  3 adders (D:2)
  A gnoll (D:2)
  3 dart slugs
  5 orcs (D:3)
  5 bats
  2 endoplasms
  A giant cockroach (D:1)
  2 goblins
  5 hobgoblins
  5 kobolds
  A quokka (D:3)
  6 ball pythons
  8 frilled lizards
  4 rats
52 creatures vanquished.

Vanquished Creatures (collateral kills)
  A gnoll (D:3)
1 creature vanquished.

Grand Total: 53 creatures vanquished

Table legend: (Time is in decaauts)
 A = Elapsed time spent in this place.
 B = Non-inter-level travel time spent in this place.
 C = Inter-level travel time spent in this place.
 D = Time resting spent in this place.
 E = Time spent auto-exploring this place.
 F = Levels seen in this place.
 G = Mean time per level.
                   A        B        C        D        E       F      G
               +--------+--------+--------+--------+--------+-----+--------+
         Total |   3068 |   2952 |    116 |    299 |   1864 |   3 | 1022.7 |
       Dungeon |   3068 |   2952 |    116 |    299 |   1864 |   3 | 1022.7 |
               +--------+--------+--------+--------+--------+-----+--------+

Top non-repeatable levels by time:
     D:1: 1114 daAuts
     D:2: 1036 daAuts
     D:3: 918 daAuts

Table legend:
 A = Non-vault XP
 B = Vault XP
 C = Vault XP percentage of total XP
 D = Non-vault monster count
 E = Vault monster count
 F = Vault count percentage of total count
                 A         B        C        D         E       F
            +---------+---------+-------+---------+---------+-------
      Total |     182 |       6 |   3.2 |      49 |       4 |   7.5
            +---------+---------+-------+---------+---------+-------
        D:1 |      28 |       0 |   0.0 |      17 |       0 |   0.0
        D:2 |      77 |       6 |   7.2 |      16 |       4 |  20.0
        D:3 |      77 |       0 |   0.0 |      16 |       0 |   0.0
            +---------+---------+-------+---------+---------+-------
